 Dungeon Crawl Stone Soup version 0.31-a0-971-g75a2e9a4b4 (webtiles) character file.

Game seed: 770391120978674188

1155 Dirtsage the Insei (level 8, -3/54 HPs)
             Began as an Octopode Shapeshifter on Oct 28, 2023.
             Was a Follower of Wu Jian.
             Slain by an orc warrior
             ... wielding a +0 battleaxe
              (14 damage)
             ... on level 7 of the Dungeon.
             The game lasted 00:09:19 (4875 turns).

Dirtsage the Insei (Octopode Shapeshifter)          Turns: 4875, Time: 00:09:19

Health: -3/54      AC:  5    Str: 13    XL:     8   Next: 39%
Magic:  8/8        EV: 13    Int: 12    God:    Wu Jian [*.....]
Gold:   270        SH:  0    Dex: 14    Spells: 7/7 levels left

rFire   . .          .
                       - Unarmed
rCold   . . .        (no shield)
rNeg    . . .        (helmet currently unavailable)
rPois   .            (no amulet)
rElec   .            k - +4 ring of protection
rCorr   +            S - ring of see invisible
SInv    +            C - ring of resist corrosion
Will    .....        (no ring)
Stlth   ++           (no ring)
HPRegen 0.29/turn    (no ring)
MPRegen 0.11/turn    (no ring)
                     (no ring)

%: no passive effects
@: beast-form
A: beast (slay +3), almost no armour, amphibious, 8 rings, camouflage 1,
gelatinous body 1, (nimble swimmer 1), tentacles
a: Begin Untransformation, Renounce Religion


You were on level 7 of the Dungeon.
You worshipped Wu Jian.
Wu Jian was aware of your devotion.
You were a hulking beast.
You visited 2 branches of the dungeon, and saw 8 of its levels.
You also visited: Sewer.

You collected 270 gold pieces.

Inventory:

Armour
 g - a +2 hat
Magical Staves
 d - a staff of earth
 n - a staff of conjuration
 y - a staff of death
Jewellery
 k - a +4 ring of protection (left tentacle)
 C - a ring of resist corrosion (on tentacle)
 S - a ring of see invisible (right tentacle)
Talismans
 b - a beast talisman
 c - a flux talisman
 p - a beast talisman
Wands
 h - a wand of flame (15)
Scrolls
 a - a scroll of fog
 e - 2 scrolls of enchant armour
 i - a scroll of identify
 r - 2 scrolls of summoning
 t - 2 scrolls of teleportation
 v - a scroll of fear {unknown}
 w - a scroll of torment
 x - a scroll of vulnerability {unknown}
 B - a scroll of blinking
Potions
 f - a potion of attraction {unknown}
 j - a potion of cancellation
 l - 2 potions of mutation
 m - a potion of invisibility
 o - 2 potions of lignification
 q - 4 potions of curing
 s - 2 potions of magic
 u - a potion of brilliance
 z - a potion of heal wounds {unknown}


   Skills:
 + Level 4.3 Fighting
 - Level 2.0 Dodging
 * Level 6.8 Unarmed Combat
 * Level 6.3 Shapeshifting


You had 7 spell levels left.
You didn't know any spells.
Your spell library contained the following spells:

 Spells                   Type           Power      Damage    Failure   Level
 Magic Dart               Conj           0%         1d3       32%         1
 Searing Ray              Conj           0%         2d4       45%         2
 Ignite Poison            Fire/Tmut/Pois 0%         N/A       69%         3
 Ozocubu's Armour         Ice            0%         N/A       69%         3
 Fulminant Prism          Conj/Hex       0%         3d5       97%         4
 Sticky Flame             Conj/Fire      0%         2d3       97%         4
 Ozocubu's Refrigeration  Ice            0%         4d7       100%        7
 Ignition                 Fire           0%         3d3       100%        8


Dungeon Overview and Level Annotations

Branches:
Dungeon (7/15)             Temple (1/1) D:5           Sewer (visited)

Altars:
Ashenzari
Cheibriados
Dithmenos
Elyvilon
Hepliaklqana
Kikubaaqudgha
Makhleb
Nemelex Xobeh
Okawaru
Qazlal
Uskayaw
Vehumet
Wu Jian
Xom
Yredelemnul
Zin
The Shining One

Shops:
D:5 *

Annotations:
D:6 3 runed translucent doors, Arcadio's ghost, novice TeAE


Innate Abilities, Weirdness & Mutations

You are a hulking beast.
Your limbs bulge with bestial killing power. (Slay +3)
You cannot wear most types of armour.
You are amphibious.
You can wear up to eight rings at the same time.
Your skin changes colour to match your surroundings (Stealth+).
Your rubbery body absorbs attacks. (AC +1, EV +1)
((You are camouflaged when in or above water. (Stealth+)))
You have tentacles for arms and can constrict up to eight enemies at once.


Message History

The orc warrior is lightly wounded.
You lunge at the orc warrior.
You tentacle-slap the orc warrior. Your grab misses the orc warrior.
You tentacle-slap the orc warrior.
You squeeze the orc warrior, but do no damage.
The orc warrior is moderately wounded.
The orc warrior closely misses you.
You tentacle-slap the orc warrior but do no damage.
You grab the orc warrior.
You squeeze the orc warrior, but do no damage.
The orc warrior is moderately wounded.
You constrict the orc warrior, but do no damage.
The orc wizard casts a spell.
The orc wizard flickers and vanishes for a moment.
The orc warrior hits you with a +0 battleaxe!
You take 16 damage, and have 38/54 hp.
MASSIVE DAMAGE!!
You tentacle-slap the orc warrior. You squeeze the orc warrior.
The orc warrior is heavily wounded.
You constrict the orc warrior, but do no damage.
The orc warrior hits you with a +0 battleaxe!
You take 11 damage, and have 27/54 hp.
MASSIVE DAMAGE!!
You tentacle-slap the orc warrior. You squeeze the orc warrior.
The orc warrior is severely wounded.
You constrict the orc warrior, but do no damage.
The orc warrior hits you with a +0 battleaxe!
You take 9 damage, and have 18/54 hp.
You tentacle-slap the orc warrior but do no damage.
You squeeze the orc warrior, but do no damage.
The orc warrior is severely wounded.
You constrict the orc warrior, but do no damage.
The orc warrior hits you with a +0 battleaxe!
* * * LOW HITPOINT WARNING * * *
You take 17 damage, and have 1/54 hp.
MASSIVE DAMAGE!!
You feel better.
You constrict the orc warrior. The orc warrior misses you.
You regained 10 hp, and now have 11/54 hp.
You tentacle-slap the orc warrior but do no damage.
You squeeze the orc warrior.
The orc warrior is severely wounded.
You constrict the orc warrior, but do no damage.
The orc warrior hits you with a +0 battleaxe!
You die...

#....?... #.......#
# ......+ .# ....
..# #.###o..#
#o..ooo.#
#o#.##.....
#o#.#######
#h#......## #
######.######.<#.#
#.............†#.###
#........#.#.......#
#..........#.#.#####
#........#.#...#
#.......##.#....#
#.................
###...........#.###


You could see an orc warrior and 2 orc wizards.

Vanquished Creatures
  A water moccasin (D:7)
  A kobold brigand (D:6)
  A bullfrog (D:7)
  4 scorpions
  4 wights (D:5)
  A howler monkey (D:6)
  An orc priest (D:5)
  3 hounds
  A sleepcap (D:7)
  An iguana (D:6)
  A hell rat (Sewer)
  3 gnolls (D:5)
  9 adders
  4 river rats
  A shadow imp (D:6)
  2 white imps (D:5)
  A worm (D:5)
  A dart slug (D:1)
  7 orcs
  6 bats
  8 endoplasms
  3 giant cockroaches
  5 goblins
  3 hobgoblins
  10 kobolds
  A quokka (D:3)
  4 ball pythons
  3 frilled lizards
  12 rats
  A butterfly (D:5)
103 creatures vanquished.

Notes
Turn   | Place    | Note
-------+----------+-------------------------------------------
     0 | D:1      | Dirtsage the Octopode Shapeshifter began the quest for the
                  | Orb.
     0 | D:1      | Reached XP level 1. HP: 13/13 MP: 1/1
   338 | D:1      | Reached XP level 2. HP: 16/18 MP: 2/2
   815 | D:2      | Reached XP level 3. HP: 23/23 MP: 3/3
  1153 | D:3      | Found a sparkling altar of Nemelex Xobeh.
  1296 | D:3      | Found an iron altar of Okawaru.
  1452 | D:3      | Identified the +11 quarterstaff of the Genius {heavy, *Rage
                  | *Noise rF+++ rCorr}
  1739 | D:4      | Reached XP level 4. HP: 26/29 MP: 4/4
  1882 | D:4      | Noticed a scorpion
  1889 | D:4      | Killed a scorpion
  1890 | D:4      | Reached XP level 5. HP: 29/34 MP: 5/5
  2246 | D:4      | Found a shadowy altar of Dithmenos.
  2369 | D:5      | Entered Level 5 of the Dungeon
  2386 | D:5      | Found Zin's Purification Station.
  2403 | D:5      | Reached XP level 6. HP: 27/41 MP: 6/6
  2460 | D:5      | Found a glowing silver altar of Zin.
  2547 | D:5      | Found a staircase to the Ecumenical Temple.
  2554 | Temple   | Entered the Ecumenical Temple
  2564 | Temple   | Became a worshipper of the Wu Jian Council
  2653 | D:5      | Reached skill level 5 in Unarmed Combat
  2713 | D:5      | Found a basalt altar of Yredelemnul.
  2835 | D:5      | Found a glowing drain.
  2844 | Sewer    | Entered a sewer
  2992 | D:5      | Reached skill level 5 in Shapeshifting
  3022 | D:5      | Reached XP level 7. HP: 28/46 MP: 7/7
  3024 | D:5      | Reached * piety under Wu Jian
  3181 | D:5      | Found a white marble altar of Elyvilon.
  3716 | D:6      | Found a glowing golden altar of the Shining One.
  3909 | D:6      | Found a runed translucent gate.
  3909 | D:6      | Found a runed translucent gate.
  3909 | D:6      | Found a runed translucent gate.
  3911 | D:6      | Noticed Arcadio's ghost (novice TeAE)
  3991 | D:6      | Reached XP level 8. HP: 28/54 MP: 8/8
  4422 | D:6      | Found a broken altar of Ashenzari.
  4873 | D:7      | HP: 1/54 [orc warrior/+0 battleaxe (17)]
  4875 | D:7      | Slain by an orc warrior

Illustrated notes

Levels and vault maps discovered:
D:1:      sevenhm_arrival_forest_fort_small_4, layout_basic
D:2:      layout_loops_cross
D:3:      layout_rooms, nemelex_xobeh_ov_fountains_minmay,
          okawaru_altar_gauntlet_db, kennysheep_big_empty_room,
          chequers_mini_garden, st_stairs_10
D:4:      layout_loops_ring, nicolae_dithmenos_through_a_glass_darkly, hex_tiny
D:5:      layout_basic, kennysheep_ying_yang, zin_purify,
          minmay_temple_entry_butterflies, lightli_sewer_entry_pipes
D:6:      layout_gridville, mainiacjoe_overflow_catwalk,
          nicolae_ashenzari_skybound, ebering_ghost_rock_garden
D:7:      layout_basic, nicolae_overflow_squiral,
          mainiacjoe_overflow_surrounded_room, kennysheep_generic_room_9
Temple:   hellmonk_temple_rainy

Skill      XL: |  1  2  3  4  5  6  7  8 |
---------------+-------------------------+-----
Fighting       | 2 3 4 |  4.3
Unarmed Combat | 4 5 6 |  6.8
Shapeshifting  | 4 5 6 |  6.3
Dodging        | |  2.0

Action                     |  1- 3 |  4- 6 |  7- 9 || total
---------------------------+-------+-------+-------++-------
  Melee: Unarmed           |    62 |    82 |    65 ||   209
         Constrict         |    19 |    24 |    19 ||    62
         Tentacles         |     9 |    16 |    23 ||    48
         Punch             |     1 |     5 |     4 ||    10
Ability: Lunge             |       |    10 |    11 ||    21
  Evoke: Wand              |       |       |     1 ||     1
    Use: Scroll            |       |    11 |     3 ||    14
         Potion            |       |     1 |     1 ||     2
   Stab: Sleeping          |    13 |    10 |     4 ||    27
 Armour: Skin              |    30 |    45 |    26 ||   101
  Dodge: Dodged            |    25 |    26 |    23 ||    74

Table legend: (Time is in decaauts)
 A = Elapsed time spent in this place.
 B = Non-inter-level travel time spent in this place.
 C = Inter-level travel time spent in this place.
 D = Time resting spent in this place.
 E = Time spent auto-exploring this place.
 F = Levels seen in this place.
 G = Mean time per level.
                   A        B        C        D        E       F      G
               +--------+--------+--------+--------+--------+-----+--------+
         Total |   4855 |   4603 |    252 |      0 |   3903 |   9 |  539.4 |
       Dungeon |   4710 |   4467 |    243 |      0 |   3827 |   7 |  672.9 |
        Temple |     23 |     14 |      9 |      0 |      0 |   1 |   23.0 |
         Sewer |    122 |    122 |      0 |      0 |     76 |   1 |  122.0 |
               +--------+--------+--------+--------+--------+-----+--------+

Top non-repeatable levels by time:
     D:5: 1172 daAuts
     D:6: 968 daAuts
     D:4: 689 daAuts
     D:2: 574 daAuts
     D:1: 573 daAuts
     D:3: 522 daAuts
     D:7: 209 daAuts
   Sewer: 122 daAuts
  Temple: 23 daAuts
